 Dungeon Crawl Stone Soup version 0.13.0-26-gf7ffa3a (webtiles) character file.

125 Malachi the Chopper (level 3, -9/54 HPs)
             Began as a Deep Dwarf Berserker on Oct 31, 2013.
             Was a Believer of Trog.
             Mangled by Sigmund
             ... wielding a +0,+0 scythe
              (10 damage)
             ... on Level 2 of the Dungeon.
             The game lasted 00:01:30 (1036 turns).

Malachi the Chopper (Deep Dwarf Berserker)          Turns: 1036, Time: 00:01:30

HP  -9/54        AC  2     Str 26      XL: 3   Next: 41%
MP   2/2         EV 13     Int  7      God: Trog [**....]
Gold 81          SH  0     Dex 12      Spells:  0 memorised,  2 levels left

Res.Fire  : . . .   See Invis. : .   a - +0 dwarf hand axe {=f}
Res.Cold  : . . .   Warding    : .   b - +0 animal skin
Life Prot.: . . .   Conserve   : .   (no shield)
Res.Poison: .       Res.Corr.  : .   (no helmet)
Res.Elec. : .       Clarity    : .   (no cloak)
Sust.Abil.: . .     Spirit.Shd : .   (no gloves)
Res.Mut.  : .       Stasis     : .   (no boots)
Res.Rott. : .       Flight     : .   (no amulet)
Saprovore : . . .                    (no ring)
                                     (no ring)

@: non-regenerating, berserking, very quick, slightly resistant to hostile
enchantments, extremely unstealthy
A: damage resistance, recharge devices, sense surroundings 1, slow healing 3
a: Device Recharging, Burn Spellbooks, Berserk, Trog's Hand, Renounce Religion


You were on level 2 of the Dungeon.
You worshipped Trog.
Trog was pleased with you.
You were hungry.

You visited 1 branch of the dungeon, and saw 2 of its levels.

You collected 61 gold pieces.

Inventory:

Hand weapons
 a - a +0,+0 dwarven hand axe (weapon) {=f}
Armour
 b - a +0 animal skin (worn)
Magical devices
 c - a wand of heal wounds (5)
Comestibles
 d - 2 bread rations
 m - a choko
Scrolls
 f - 2 scrolls of noise {unknown}
 g - 3 scrolls of identify {unknown}
 i - a scroll of fog {unknown}
Jewellery
 k - an uncursed ring of sustain abilities {unknown}
 l - an uncursed ring of sustenance {unknown}
Potions
 e - a potion of slowing {unknown}
 h - a potion of heal wounds {unknown}
 j - a potion of invisibility {unknown}


   Skills:
 + Level 3.0 Fighting
 + Level 3.8 Axes
 + Level 2.5 Armour
 + Level 3.0 Dodging
 + Level 0.3 Stealth


You had 2 spell levels left.
You didn't know any spells.

Dungeon Overview and Level Annotations

Branches:
Dungeon (2/27)

Altars:

Annotations:
D:2 Sigmund


Innate Abilities, Weirdness & Mutations

You are resistant to damage.
You can recharge devices by infusing magical energy.
You passively map a small area around you.
You do not heal naturally.


Message History

You hit the kobold.
You kill the kobold!
Trog accepts your kill.
Your Dodging skill increases to level 3!
No target in view!
No target in view!
It hits you!
Found 10 gold pieces.
Found a stone staircase leading down.
You miss it. It hits you!
* * * LOW HITPOINT WARNING * * *
Use which ability? (? or * to list)
A red film seems to cover your vision as you go berserk!
You feel yourself moving faster!
You feel mighty!
You feel somewhat more hungry.
Unknown command.
You slash it! It hits you!
* * * LOW HITPOINT WARNING * * *
You closely miss it. You closely miss it. It hits you!
You die...

* * * , , * * * * * ,.
. * ##.## , .#*, #
###.#.## ##.# *# , #.
?.. ...###.. $# ,*
#.###.#.##?#)## .# <
#...##.##.(.=.##.##..#
,
#............@.....#*
* ,
#.....(..............>
,
#.##.#####.####.#####
####.##.# ...#* .# **
,, #.....#.###..## 8#
, #............#*
#.....#.###### *
#####........#
#....#####


There were no monsters in sight!

Vanquished Creatures
  An adder (D:2)
  2 giant geckos (D:1)
  3 bats (D:1)
  3 goblins (D:1)
  6 hobgoblins
  4 giant cockroaches (D:1)
  4 giant newts
  4 kobolds
  3 rats (D:1)
30 creatures vanquished.

Notes
Turn   | Place    | Note
--------------------------------------------------------------
     0 | D:1      | Malachi, the Deep Dwarf Berserker, began the quest for the Orb.
     0 | D:1      | Reached XP level 1. HP: 21/21 MP: 0/0
   151 | D:1      | Reached XP level 2. HP: 18/28 MP: 1/1
   239 | D:1      | Acquired Trog's second power
   705 | D:1      | Reached XP level 3. HP: 33/36 MP: 2/2
  1025 | D:2      | Noticed Sigmund
  1034 | D:2      | HP: 1/54 [something (5)]
  1036 | D:2      | Mangled by Sigmund

Action                   || total
-------------------------++-------
Melee: Hand axe          ||    83
Invok: Trog's Hand       ||     1
       Berserk           ||     1
